 Dungeon Crawl Stone Soup version 0.22-a0-441-gcf5b0c64b7 (webtiles) character file.

5574 Ordine the Slicer (level 10, -4/56 HPs)
             Began as a Deep Elf Wizard on May 30, 2018.
             Was a Follower of Vehumet.
             Slain by a yak (15 damage)
             ... on level 9 of the Dungeon.
             The game lasted 00:40:50 (9491 turns).

Ordine the Slicer (Deep Elf Wizard)                 Turns: 9491, Time: 00:40:51

Health: -4/56      AC:  7    Str:  4    XL:     10   Next: 44%
Magic:  4/21       EV: 16    Int: 30    God:    Vehumet [*.....]
Gold:   159        SH:  0    Dex: 13    Spells: 12/21 levels left

rFire    . . .     SeeInvis .   a - +2 dagger (elec)
rCold    . . .     Gourm    .   (no shield)
rNeg     . . .     Faith    .   i - +0 robe
rPois    .         Spirit   .   b - +0 hat
rElec    .         Reflect  .   (no cloak)
rCorr    .         Harm     .   (no gloves)
MR       +....                  (no boots)
Stlth    ++++......             j - amulet of magic regeneration
HPRegen  0.18/turn              h - +5 ring of protection
MPRegen  0.42/turn              q - +3 ring of intelligence

@: very slightly contaminated
A: no striking features
a: Renounce Religion


You were on level 9 of the Dungeon.
You worshipped Vehumet.
Vehumet was aware of your devotion.
You were not hungry.

You visited 2 branches of the dungeon, and saw 10 of its levels.
You also visited: Ossuary.

You collected 376 gold pieces.
You spent 217 gold pieces at shops.

Inventory:

Hand Weapons
 a - a +2 dagger of electrocution (weapon)
Armour
 b - a +0 hat (worn)
 i - a +0 robe (worn)
Magical Staves
 x - an uncursed staff of power
Jewellery
 h - a +5 ring of protection (left hand)
 j - an amulet of magic regeneration (around neck)
 n - an uncursed ring of wizardry
 q - a +3 ring of intelligence (right hand)
Wands
 v - a wand of paralysis (28)
 w - a wand of clouds (7)
Scrolls
 e - 7 scrolls of remove curse
 o - 10 scrolls of teleportation
 p - a scroll of blinking
 s - 2 scrolls of amnesia
Potions
 c - a potion of berserk rage
 f - 3 potions of flight
 g - 3 potions of heal wounds
 k - 4 potions of lignification
 l - 4 potions of curing
 r - a potion of haste
 t - 2 potions of might
Comestibles
 d - 22 rations
 u - a chunk of flesh


   Skills:
 + Level 4.1 Fighting
 + Level 8.0 Short Blades
 * Level 4.2 Armour
 + Level 7.4 Dodging
 + Level 7.6 Stealth
 - Level 6.0 Spellcasting
 - Level 4.0 Conjurations
   Level 1.1 Summonings
 - Level 3.0 Translocations
 - Level 3.0 Fire Magic
 - Level 3.0 Air Magic
 + Level 3.0 Evocations


You had 12 spell levels left.
You knew the following spells:

 Your Spells              Type           Power        Failure   Level  Hunger
a - Magic Dart            Conj           ####         1%          1    None
b - Blink                 Tloc           N/A          2%          2    None
c - Conjure Flame         Conj/Fire      ####....     3%          3    None
d - Mephitic Cloud        Conj/Pois/Air  ###.....     6%          3    None

Your spell library contained the following spells:

 Spells                   Type           Power        Failure   Level  Hunger
 Slow                     Hex            #.......     8%          2    None
 Throw Frost              Conj/Ice       ###...       3%          2    None
 Freezing Cloud           Conj/Ice/Air   ###.......   97%         6    ######.
 Ring of Flames           Chrm/Fire      ###.......   100%        7    #######
 Freeze                   Ice            #...         5%          1    None
 Summon Ice Beast         Ice/Summ       ##......     38%         4    ###....
 Ozocubu's Armour         Chrm/Ice       #.......     16%         3    None
 Call Imp                 Summ           ###.....     4%          2    None
 Throw Icicle             Conj/Ice       ###.....     22%         4    ###....
 Poisonous Vapours        Pois/Air       ###...       4%          2    None


Dungeon Overview and Level Annotations

Branches:
Dungeon (9/15)             Temple (1/1) D:6
   Lair: D:8-11         Orc: D:9-12

Altars:
Ashenzari
Cheibriados
Dithmenos
Elyvilon
Fedhas
Gozag
Hepliaklqana
Kikubaaqudgha
Makhleb
Nemelex Xobeh
Okawaru
Qazlal
Ru
Sif Muna
Trog
Uskayaw
Vehumet
Wu Jian
Xom
Zin
The Shining One

Shops:
D:4 *


Message History

The yak is heavily wounded.
The yak is engulfed in noxious fumes.
Unknown command.
You hit the yak but do no damage.
The yak is heavily wounded.
You hit the yak.
The yak is heavily wounded.
The yak is engulfed in blazing flames.
The yak gores you.
* * * LOW HITPOINT WARNING * * *
You hit the yak.
The yak is severely wounded.
Casting: Mephitic Cloud (safe; 6% risk of failure)
Confirm with . or Enter, or press ? or * to list all spells.
Aiming: Magic Dart (safe; 1% risk of failure)
Press: ? - help, Shift-Dir - straight line, f/p - yak
Aim: a yak (flame, severely wounded)
The magic dart hits the yak.
The yak is severely wounded.
The yak is engulfed in blazing flames.
The yak gores you!
You die...

##'#....#.....#
#.......#.......
#.....[.#+#.....######
##.....)...#..........#
#.....$....#..........#
...#++##)#### .........##
..... #ยง# .......... .....
#Y##+#+#.......... .....
#@.....#..........
#....#####......#..........
.............#.....###'#
.............#######....
........................
.........#####..........
..######.# #.......... .
#.# #.....##### #.#
#.....'....


You could see a yak.

Vanquished Creatures
  2 two-headed ogres
  A troll (D:9)
  Grinder (D:5)
  Sigmund (D:2)
  A spriggan (D:7)
  4 yaks (D:9)
  Menkaure (D:7)
  A sky beast (D:7)
  3 phantoms
  A necrophage (D:7)
  3 ogres
  2 black bears
  3 centaurs
  A big kobold (D:8)
  The ghost of Ordine the Magician, an amateur DEWz (D:3)
  3 elf zombies (Ossuary)
  3 bullfrogs
  A gnoll sergeant (D:5)
  A wyvern skeleton (D:8)
  3 scorpions
  5 wights
  A howler monkey (D:4)
  A jelly (D:9)
  A human zombie (Ossuary)
  3 centaur skeletons
  3 hounds
  An orc wizard (D:3)
  4 iguanas
  4 worker ants
  Natasha (D:2)
  A killer bee zombie (D:7)
  2 big kobold zombies (Ossuary)
  A hound zombie (Ossuary)
  3 mummies (Ossuary)
  6 gnolls
  2 howler monkey skeletons
  11 adders
  2 shadow imps (D:5)
  4 adder zombies (Ossuary)
  5 worms
  A dart slug (D:2)
  3 leopard geckos
  15 orcs
  8 giant cockroaches
  2 gnoll zombies (Ossuary)
  5 goblins
  2 hobgoblins
  2 jackals (D:3)
  10 kobolds
  2 quokkas
  A ball python (D:3)
  7 bats
  8 frilled lizards
  A giant cockroach zombie (D:5)
  4 goblin zombies (Ossuary)
  7 hobgoblin zombies (Ossuary)
  A jackal skeleton (D:4)
  A jackal zombie (Ossuary)
  4 kobold zombies (Ossuary)
  An orc zombie (Ossuary)
  3 quokka zombies (Ossuary)
  5 rats
  A rat zombie (Ossuary)
192 creatures vanquished.

Notes
Turn   | Place    | Note
-------+----------+-------------------------------------------
     0 | D:1      | Ordine the Deep Elf Wizard began the quest for the Orb.
     0 | D:1      | Reached XP level 1. HP: 10/10 MP: 7/7
   428 | D:1      | Reached XP level 2. HP: 15/15 MP: 5/9
   432 | D:1      | Learned a level 2 spell: Blink
   865 | D:2      | Noticed Sigmund
   891 | D:2      | Reached XP level 3. HP: 19/19 MP: 7/11
   896 | D:2      | Learned a level 3 spell: Conjure Flame
   900 | D:2      | Learned a level 3 spell: Mephitic Cloud
  1165 | D:2      | Killed Sigmund
  1165 | D:2      | Reached skill level 5 in Spellcasting
  1165 | D:2      | Reached skill level 1 in Fire Magic
  1165 | D:2      | Reached skill level 1 in Air Magic
  1165 | D:2      | Reached XP level 4. HP: 24/24 MP: 7/13
  1165 | D:2      | Reached XP level 5. HP: 28/28 MP: 7/14
  1868 | D:2      | Noticed Natasha
  1875 | D:2      | Killed Natasha
  1875 | D:2      | Reached XP level 6. HP: 32/32 MP: 11/16
  2297 | D:3      | Noticed Ordine's ghost (amateur DEWz)
  2307 | D:3      | Killed Ordine's ghost
  2670 | D:3      | Reached skill level 1 in Short Blades
  3156 | D:4      | Found Izuntek's Assorted Antiques.
  3167 | D:4      | Bought a scroll labeled WEFONI JIPAA for 31 gold pieces
  3167 | D:4      | Bought a scroll labeled TAUMI IWIN for 31 gold pieces
  3234 | D:4      | Found a sand-covered staircase.
  3240 | Ossuary  | Entered an ossuary
  3294 | Ossuary  | Reached XP level 7. HP: 35/36 MP: 6/17
  3324 | Ossuary  | Reached skill level 2 in Short Blades
  3586 | Ossuary  | Reached skill level 3 in Short Blades
  4212 | D:4      | Found a blossoming altar of Fedhas.
  4213 | D:4      | Found an ancient bone altar of Kikubaaqudgha.
  4378 | D:5      | Entered Level 5 of the Dungeon
  4451 | D:5      | Reached skill level 1 in Armour
  4451 | D:5      | Reached XP level 8. HP: 42/42 MP: 14/19
  4481 | D:5      | Reached skill level 1 in Fighting
  4580 | D:5      | Reached skill level 4 in Short Blades
  4636 | D:5      | Noticed Grinder
  4644 | D:5      | Killed Grinder
  5113 | D:5      | Reached skill level 5 in Dodging
  5239 | D:5      | Noticed a two-headed ogre
  5255 | D:5      | Killed a two-headed ogre
  5255 | D:5      | Reached skill level 5 in Short Blades
  5255 | D:5      | Reached skill level 5 in Stealth
  5255 | D:5      | Reached XP level 9. HP: 49/49 MP: 6/20
  5714 | D:6      | Reached skill level 6 in Short Blades
  6132 | D:6      | Found a burning altar of Makhleb.
  6134 | D:6      | Found a stormy altar of Qazlal.
  6135 | D:6      | Found a glowing golden altar of the Shining One.
  6137 | D:6      | Found a shimmering altar of Xom.
  6558 | D:6      | Found a deep blue altar of Sif Muna.
  6606 | D:6      | Found a staircase to the Ecumenical Temple.
  6612 | Temple   | Entered the Ecumenical Temple
  6787 | Temple   | Became a worshipper of Vehumet
  6993 | D:7      | Noticed Menkaure
  7000 | D:7      | Killed Menkaure
  8183 | D:4      | Bought a glowing garnet ring for 155 gold pieces
  8286 | D:8      | Reached skill level 7 in Short Blades
  8286 | D:8      | Reached skill level 1 in Evocations
  8814 | D:8      | Found a sacrificial altar of Ru.
  8856 | D:8      | Reached * piety under Vehumet
  8856 | D:8      | Offered knowledge of Flame Tongue by Vehumet.
  8859 | D:8      | Reached XP level 10. HP: 56/56 MP: 6/21
  9395 | D:9      | Noticed a two-headed ogre
  9431 | D:9      | Killed a two-headed ogre
  9431 | D:9      | Reached skill level 8 in Short Blades
  9491 | D:9      | Slain by a yak

Vault maps used:
D:1:      lightli_arrival_farm
D:2:      uniq_natasha, uniq_sigmund
D:4:      grunt_temple_overflow_growth_and_decay, serial_shops,
          nicolae_shop_overgrown_old_shop, enter_ossuary_3
D:5:      first_ration, uniq_grinder
D:6:      minitemple, minmay_temple_entry_enclosed_plants, led_sif_pool
D:7:      the_bakery, uniq_menkaure
D:8:      overflow_temple_1_default
D:9:      lemuel_zombie_altar_yredelemnul, minmay_joined_circles
Temple:   eino_narrow_crystal_temple
Ossuary:  minmay_ossuary_two_tombs

Skill      XL: |  1  2  3  4  5  6  7  8  9 10 |
---------------+-------------------------------+-----
Stealth        | 3 5 6 7 |  7.6
Dodging        | 3 4 5 6 7 |  7.4
Spellcasting   | 5 6 |  6.0
Conjurations   | 2 3 4 |  4.0
Translocations | 2 3 |  3.0
Fire Magic     | 1 2 3 |  3.0
Air Magic      | 1 2 3 |  3.0
Short Blades   | 1 3 5 7 8 |  8.0
Armour         | 1 2 3 4 |  4.2
Fighting       | 2 3 4 |  4.1
Evocations     | 1 3 |  3.0
Summonings     | |  1.1

Action                   |  1- 3 |  4- 6 |  7- 9 | 10-12 || total
-------------------------+-------+-------+-------+-------++-------
Melee: Dagger            |     2 |    14 |    70 |    27 ||   113
 Cast: Magic Dart        |    52 |   175 |   455 |    53 ||   735
       Mephitic Cloud    |     1 |     3 |    12 |     8 ||    24
       Conjure Flame     |       |     1 |    20 |     4 ||    25
       Blink             |       |       |     8 |     5 ||    13
  Use: Scroll            |     5 |     6 |     8 |     2 ||    21
 Stab: Confused          |     1 |     1 |     1 |       ||     3
       Sleeping          |       |     1 |     1 |       ||     2
  Eat: Chunk             |     1 |     5 |    11 |     2 ||    19
       Ration            |       |       |     2 |       ||     2
Armor: Robe              |     1 |    10 |    35 |     6 ||    52
Dodge: Dodged            |     6 |    37 |   135 |    21 ||   199

Table legend:
 A = Spawn XP
 B = Non-spawn XP
 C = Spawn XP percentage of total XP
 D = Spawn monster count
 E = Non-spawn monster count
 F = Spawn count percentage of total count
 G = Total turns spent on level
                    A         B        C        D         E        F      G
               +---------+---------+-------+---------+---------+-------+---------
         Total |       0 |    7964 |   0.0 |       0 |     192 |   0.0 |  9491
               +---------+---------+-------+---------+---------+-------+---------
           D:1 |       0 |      24 |   0.0 |       0 |      14 |   0.0 |   759
           D:2 |       0 |     359 |   0.0 |       0 |      30 |   0.0 |  1833
           D:3 |       0 |     271 |   0.0 |       0 |      21 |   0.0 |   559
           D:4 |       0 |     184 |   0.0 |       0 |       9 |   0.0 |   817
           D:5 |       0 |    1779 |   0.0 |       0 |      20 |   0.0 |  1272
           D:6 |       0 |     808 |   0.0 |       0 |      15 |   0.0 |  1025
           D:7 |       0 |     848 |   0.0 |       0 |       9 |   0.0 |  1377
           D:8 |       0 |     761 |   0.0 |       0 |      23 |   0.0 |   754
           D:9 |       0 |    2436 |   0.0 |       0 |      14 |   0.0 |   461
       Ossuary |       0 |     494 |   0.0 |       0 |      37 |   0.0 |   450
               +---------+---------+-------+---------+---------+-------+---------
